 Dungeon Crawl Stone Soup version 0.30.1 (webtiles) character file.

Game seed: 16837293221035733166

20 Eryximachus the Magician (level 2, 0/13 HPs)
             Began as a Vine Stalker Hedge Wizard on July 12, 2023.
             Slain by a quokka (2 damage)
             ... on level 1 of the Dungeon.
             The game lasted 00:06:58 (1123 turns).

Eryximachus the Magician (VSHW)                     Turns: 1123, Time: 00:06:59

Health: 0/13       AC:  2    Str: 12    XL:     2   Next: 79%
Magic:  0/7        EV: 12    Int: 14    God:
Gold:   22         SH:  0    Dex: 13    Spells: 5/8 levels left

rFire   . . .        e - +0 dagger (drain)
rCold   . . .        (no shield)
rNeg    . . .        l - +0 robe
rPois   .            c - +0 hat
rElec   .            (no cloak)
rCorr   .            (no gloves)
SInv    .            (no boots)
Will    .....        (no amulet)
Stlth   ++           (no ring)
HPRegen 0.22/turn    (no ring)
MPRegen 0.10/turn

%: guardian spirit
@: very slightly contaminated
A: fangs 2, magic shield, antimagic bite, no potion heal 2
a: no special abilities


You were on level 1 of the Dungeon.
You visited 1 branch of the dungeon, and saw 2 of its levels.

You collected 61 gold pieces.
You spent 39 gold pieces at shops.

Inventory:

Hand Weapons
 e - a +0 dagger of draining (weapon)
Missiles
 f - 4 stones
Armour
 c - a +0 hat (worn)
 g - a +0 kite shield
 l - a +0 robe (worn)
Scrolls
 a - 2 scrolls of fear {unknown}
 h - a scroll of magic mapping {unknown}
 j - 2 scrolls of identify {unknown}
 m - a scroll of vulnerability {unknown}
Potions
 b - a potion of attraction {unknown}
 d - a potion of magic
 i - a potion of flight {unknown}
 k - a potion of curing
 n - a potion of might {unknown}


   Skills:
 - Level 2.0 Dodging
 - Level 3.0 Stealth
 + Level 3.6 Spellcasting
 * Level 1.0 Conjurations
 * Level 1.0 Summonings
 - Level 1.0 Translocations


You had 5 spell levels left.
You knew the following spells:

 Your Spells              Type           Power      Damage    Failure   Level
a - Magic Dart            Conj           20%        1d4       13%         1
b - Call Imp              Summ           10%        N/A       19%         2

Your spell library contained the following spells:

 Spells                   Type           Power      Damage    Failure   Level
 Slow                     Hex            8%         N/A       21%         1
 Blink                    Tloc           10%        N/A       21%         2
 Cigotuvi's Dreadful Rot  Necr/Pois/Air  4%         N/A       30%         2
 Mephitic Cloud           Conj/Pois/Air  3%         N/A       45%         3


Dungeon Overview and Level Annotations

Branches:
Dungeon (2/15)

Altars:

Shops:
D:1 !


Innate Abilities, Weirdness & Mutations

You have extremely sharp teeth.
When hurt, damage is shared between your health and your magic reserves.
Your bite disrupts and absorbs the magic of your enemies.
Potions cannot restore your health.


Message History

Aim: a quokka (heavily wounded, 100% to hit)
You miscast Magic Dart.
Nothing appears to happen.
Casting: Magic Dart (safe; 13% risk of failure)
Confirm with . or Enter, or press ? or * to list all spells.
Aiming: Magic Dart (safe; 13% risk of failure)
Press: ? - help, Shift-Dir - straight line, f/p - quokka
Aim: a quokka (heavily wounded, 100% to hit)
You miscast Magic Dart.
Nothing appears to happen.
The quokka barely misses you.
Unknown command.
You closely miss the quokka.
The quokka is heavily wounded.
The quokka bites you.
You miss the quokka. Your bite misses the quokka.
The quokka is heavily wounded.
The quokka bites you but does no damage.
You closely miss the quokka. You bite the quokka. You drain its power.
You feel invigorated.
The quokka is severely wounded.
The quokka bites you.
You barely miss the quokka.
The quokka is heavily wounded.
The quokka misses you. The quokka closely misses you.
You hit the quokka but do no damage.
The quokka is heavily wounded.
The quokka bites you.
You closely miss the quokka.
The quokka is heavily wounded.
The quokka closely misses you.
You closely miss the quokka.
The quokka is heavily wounded.
The quokka bites you.
You miss the quokka.
The quokka is heavily wounded.
The quokka bites you.
* * * LOW HITPOINT WARNING * * *
The quokka attacks as you move away!
The quokka bites you but does no damage.
The quokka bites you.
You die...

... #.# #.#
#.# #.# #.#
... #.# ...
#r# #.# #@#
#.# #.# #.#
#.# #.## #.#
####.#. #.#
#...>.. #.#
#.....# #.#
#.....# #†#
####.....#
#.#
###.........


You could see a quokka.

Vanquished Creatures
  A dart slug (D:1)
  3 bats (D:1)
  2 giant cockroaches (D:1)
  4 goblins (D:1)
  2 quokkas (D:1)
  A frilled lizard (D:1)
  2 kobolds (D:1)
  A rat (D:1)
16 creatures vanquished.

Notes
Turn   | Place    | Note
-------+----------+-------------------------------------------
     0 | D:1      | Eryximachus the Vine Stalker Hedge Wizard began the quest
                  | for the Orb.
     0 | D:1      | Reached XP level 1. HP: 9/9 MP: 5/5
   456 | D:1      | Reached XP level 2. HP: 13/13 MP: 2/7
   653 | D:1      | Found Okaedymu's Distillery.
   711 | D:1      | Bought a potion of curing for 39 gold pieces
  1041 | D:1      | Learned a level 2 spell: Call Imp
  1123 | D:1      | Slain by a quokka

Illustrated notes

Levels and vault maps discovered:
D:1:      minmay_arrival_split_and_join, layout_basic, serial_shops, shop,
          dilly_ecumenical_altar_fadedgnrine, minmay_misc_feat_five,
          minmay_tetromino_t4
D:2:      layout_basic, hex_large, small_statue_intersection, minivault_27

Skill      XL: |  1  2 |
---------------+-------+-----
Stealth        | 3 |  3.0
Dodging        | 2 |  2.0
Spellcasting   | |  3.6
Conjurations   | |  1.0
Summonings     | |  1.0
Translocations | |  1.0

Action                     || total
---------------------------++-------
  Melee: Dagger            ||    25
         Bite              ||     4
   Cast: Magic Dart        ||    35
   Stab: Sleeping          ||     1
 Armour: Robe              ||     5
  Dodge: Dodged            ||    20
